 Dungeon Crawl Stone Soup version 0.27-a0-592-g0306a34022 (webtiles) character file.

Game seed: 2639323868236120691

84 srzhan31 the Conjurer (level 4, -1/24 HPs)
             Began as a Gargoyle Conjurer on Mar 11, 2021.
             Killed from afar by Sigmund (4 damage)
             ... with a magic dart
             ... on level 2 of the Dungeon.
             The game lasted 00:04:16 (1774 turns).

srzhan31 the Conjurer (Gargoyle Conjurer)           Turns: 1774, Time: 00:04:16

Health: -1/24      AC:  5    Str: 11    XL:     4   Next: 45%
Magic:  0/8        EV: 11    Int: 19    God:
Gold:   111        SH:  5    Dex:  8    Spells: 5/8 levels left

rFire    . . .     SeeInvis .   (no weapon)
rCold    . . .     Faith    .   (no shield)
rNeg     + . .     Spirit   .   a - +0 robe
rPois    ∞         Reflect  +   (no helmet)
rElec    +         Harm     .   (no cloak)
rCorr    .         Rampage  .   (no gloves)
Will     .....                  (no boots)
Stlth    ++........             j - amulet of reflection
HPRegen  0.08/turn              (no ring)
MPRegen  0.11/turn              (no ring)

@: no status effects
A: negative energy resistance 1, electricity resistance, torment resistance 1,
unbreathing 1, petrification resistance, AC +3
a: no special abilities


You were on level 2 of the Dungeon.
You visited 1 branch of the dungeon, and saw 2 of its levels.

You collected 111 gold pieces.

Inventory:

Armour
 a - a +0 robe (worn)
Jewellery
 j - an amulet of reflection (around neck)
 n - a ring of protection from fire
Scrolls
 c - 4 scrolls of identify {unknown}
 f - a scroll of teleportation {unknown}
 g - a scroll of fear {unknown}
 i - 2 scrolls of blinking {unknown}
 l - 2 scrolls of enchant armour {unknown}
Potions
 b - 2 potions of heal wounds {unknown}
 d - a potion of flight {unknown}
 e - a potion of mutation {unknown}
 h - a potion of berserk rage {unknown}
 k - a potion of curing {unknown}
 m - 2 potions of degeneration {unknown}


   Skills:
 * Level 1.0 Armour
 * Level 1.7 Dodging
 + Level 2.4 Stealth
 * Level 2.7 Spellcasting
 * Level 5.5 Conjurations


You had 5 spell levels left.
You knew the following spells:

 Your Spells              Type           Power      Damage    Failure   Level
a - Magic Dart            Conj           92%        1d7       1%          1
b - Searing Ray           Conj           46%        3d4       2%          2

Your spell library contained the following spells:

 Spells                   Type           Power      Damage    Failure   Level
 Dazzling Flash           Conj/Hex       26%        N/A       16%         3
 Fulminant Prism          Conj/Hex       6%         3d7       45%         4
 Iskenderun's Mystic Bla  Conj/Tloc      13%        2d5       45%         4


Dungeon Overview and Level Annotations

Branches:
Dungeon (2/15)

Altars:

Annotations:
D:2 Sigmund


Innate Abilities, Weirdness & Mutations

Your stone body is resilient. (AC +3)
You are immune to poison.
You resist negative energy. (rN+)
You are resistant to electric shocks. (rElec)
You are resistant to unholy torment.
You can survive without breathing.
You are immune to petrification.


Message History

A puff of flame appears from out of thin air!
The puff of flame hits you.
Aiming: Magic Dart (safe; 1% risk of failure)
Press: ? - help, Q - select action, (/) - cycle Shift-Dir - straight line The magic dart hits something but does no damage.
The frilled lizard hisses angrily.
Something tries to affect you, but you resist.
The frilled lizard bites you but does no damage.
You block something's attack.
You miss something. Something hits you but does no damage.
The frilled lizard barely misses you.
You hit something but do no damage. The frilled lizard bites you.
* * * LOW HITPOINT WARNING * * *
You hear some strange, mumbled words.
Something tries to affect you, but you resist.
You miss the frilled lizard.
The frilled lizard bites you but does no damage.
You block something's attack.
Casting: Magic Dart (safe; 1% risk of failure)
Confirm with . or Enter, or press ? or * to list all spells.
You don't know that spell.
You block the frilled lizard's attack.
You hear some strange, mumbled words.
A puff of flame appears from out of thin air!
The puff of flame hits you.
* * * LOW HITPOINT WARNING * * *
You see here a frilled lizard corpse.
Casting: Magic Dart (safe; 1% risk of failure)
Confirm with . or Enter, or press ? or * to list all spells.
Aiming: Searing Ray (safe; 2% risk of failure)
Press: ? - help, Shift-Dir - straight line The searing ray hits the frilled lizard.
You kill the frilled lizard! (Press . to maintain the ray.) Unknown command.
Sigmund appears from thin air!
Reactivating autopickup.
Sigmund gestures at you while chanting. The magic dart hits you.
You die...

#.#..#.# #.
#.#.##.# #.
#.#.##.# #.
#.#.##.#
#.#.##.#
########......#
#..))))....####
#.######...#
#@# #...# #.#
##### #.# #@#
#.# #.# #†# #.#
# #.#


You could see Sigmund.

Vanquished Creatures
  Robin (D:2)
  3 adders (D:2)
  A dart slug (D:1)
  An orc (D:2)
  A giant cockroach (D:1)
  5 hobgoblins
  4 jackals
  A bat (D:1)
  8 frilled lizards
  13 goblins
  A kobold (D:1)
  5 rats
44 creatures vanquished.

Notes
Turn   | Place    | Note
-------+----------+-------------------------------------------
     0 | D:1      | srzhan31 the Gargoyle Conjurer began the quest for the Orb.
     0 | D:1      | Reached XP level 1. HP: 10/10 MP: 3/3
   286 | D:1      | Reached XP level 2. HP: 15/15 MP: 1/5
   289 | D:1      | Learned a level 2 spell: Searing Ray
   711 | D:1      | Reached skill level 5 in Conjurations
  1069 | D:2      | Reached XP level 3. HP: 19/19 MP: 2/6
  1388 | D:2      | Reached XP level 4. HP: 24/24 MP: 0/8
  1388 | D:2      | Noticed Robin
  1523 | D:2      | Killed Robin
  1624 | D:2      | Reached skill level 1 in Armour
  1738 | D:2      | Noticed Sigmund
  1774 | D:2      | Killed from afar by Sigmund

Illustrated notes

Levels and vault maps discovered:
D:1:      amcnicky_arrival_gap_in_the_tavern_cellar, layout_basic,
          serial_corexii_hall, chequers_hall_statues_y,
          chequers_hall_statues_corner_a
D:2:      layout_basic, minmay_tromino_v2, uniq_sigmund,
          uniq_crazy_yiuf_cottage, uniq_robin

Skill      XL: |  1  2  3  4 |
---------------+-------------+-----
Conjurations   | 5 |  5.5
Armour         | 1 |  1.0
Dodging        | |  1.7
Stealth        | |  2.4
Spellcasting   | |  2.7

Action                   |  1- 3 |  4- 6 || total
-------------------------+-------+-------++-------
Melee: Unarmed           |     6 |     5 ||    11
 Cast: Magic Dart        |    46 |     6 ||    52
       Searing Ray       |    10 |     6 ||    16
Armor: Robe              |     3 |     4 ||     7
Dodge: Dodged            |     5 |     5 ||    10
Block: Other             |     2 |     4 ||     6

Table legend: (Time is in decaauts)
 A = Elapsed time spent in this place.
 B = Non-inter-level travel time spent in this place.
 C = Inter-level travel time spent in this place.
 D = Time resting spent in this place.
 E = Time spent auto-exploring this place.
 F = Levels seen in this place.
 G = Mean time per level.
                   A        B        C        D        E       F      G
               +--------+--------+--------+--------+--------+-----+--------+
         Total |   1774 |   1743 |     31 |      0 |   1430 |   2 |  887.0 |
       Dungeon |   1774 |   1743 |     31 |      0 |   1430 |   2 |  887.0 |
               +--------+--------+--------+--------+--------+-----+--------+

Top non-repeatable levels by time:
     D:1: 984 daAuts
     D:2: 790 daAuts
